 Dungeon Crawl Stone Soup version 0.23.2-1-ga50397a (webtiles) character file.

Game seed: 5693554296781137830

228 Lickle the Skirmisher (level 6, -10/38 HPs)
             Began as a Gargoyle Abyssal Knight on Apr 23, 2019.
             Was a Believer of Lugonu.
             Mangled by an ogre
             ... wielding a +0 giant club
              (13 damage)
             ... on level 3 of the Dungeon.
             The game lasted 00:08:27 (3089 turns).

Lickle the Skirmisher (Gargoyle Abyssal Knight)     Turns: 3089, Time: 00:08:28

Health: -10/38     AC: 11    Str: 16      XL:     6   Next: 2%
Magic:  7/7        EV: 12    Int: 10 (12) God:    Lugonu [**....]
Gold:   127        SH:  4    Dex: 11      Spells: 5/5 levels left

rFire    . . .     SeeInvis .   a - +1 mace
rCold    . . .     Gourm    .   (no shield)
rNeg     + . .     Faith    .   i - +0 acid dragon scales
rPois    ∞         Spirit   .   (no helmet)
rElec    +         Reflect  .   (no cloak)
rCorr    +         Harm     .   (no gloves)
MR       +....                  (no boots)
Stlth    ++........             f - amulet of magic regeneration
HPRegen  0.12/turn              g - +1 ring of evasion
MPRegen  0.35/turn              (no ring)

@: no status effects
A: large bone plates 1, deterioration 1, magic resistance 1, negative energy
resistance 1, electricity resistance, unbreathing, petrification resistance, rot
immunity, AC +4
a: Depart the Abyss, Bend Space, Renounce Religion


You were on level 3 of the Dungeon.
You worshipped Lugonu.
Lugonu was pleased with you.
You were not hungry.

You visited 1 branch of the dungeon, and saw 4 of its levels.
You visited the Abyss 1 time.

You collected 127 gold pieces.

Inventory:

Hand Weapons
 a - a +1 mace (weapon)
Armour
 i - +0 acid dragon scales (worn)
Jewellery
 f - an amulet of magic regeneration (around neck)
 g - a +1 ring of evasion (left hand)
Scrolls
 e - 2 scrolls of enchant weapon
Potions
 d - a potion of lignification
Comestibles
 c - 5 rations


   Skills:
 * Level 4.3 Fighting
 * Level 3.1 Maces & Flails
 * Level 3.4 Armour
 + Level 1.9 Dodging
 * Level 2.8 Stealth
 + Level 2.3 Invocations


You had 5 spell levels left.
You didn't know any spells.
Your spell library was empty.

Dungeon Overview and Level Annotations

Branches:
Dungeon (4/15)
 Temple: D:4-7

Altars:
Okawaru


Innate Abilities, Weirdness & Mutations

You are resistant to torment.
Your stone body is resilient. (AC +4)
You are immune to poison.
You resist negative energy. (rN+)
You are resistant to electric shocks. (rElec)
You can survive without breathing.
You are immune to petrification.
You are immune to rotting.
You are partially covered in large bone plates. (SH +4)
Your body sometimes deteriorates upon taking damage.
You are resistant to hostile enchantments. (MR+)


Message History

You feel your dexterity returning.
You have reached level 6!
Your experience leads to an increase in your attributes!
Your base attributes are Str 16, Int 12, Dex 10.
Increase (S)trength, (I)ntelligence, or (D)exterity?
You feel agile. The ogre completely misses you.
An iguana comes into view.
The ogre misses you. The iguana bites you!
* * * LOW HITPOINT WARNING * * *
There is a stone staircase leading up here.
You block the iguana's attack. The ogre closely misses you.
You climb upwards.
There is a stone staircase leading down here.
You hit the iguana but do no damage. The iguana misses you.
The ogre barely misses you.
The iguana bites you but does no damage.
You hit the iguana but do no damage. The ogre hits you with a +0 giant club!
You die...

.#..####'####..#.# ##.#.#
.#.##.#..)#.##.#.# #.#.#
##.#..'...'.)'...# #.#.#
##.##.#...#.##...# #.#.#
##..####'####..### #.#.#
###...#...#...###########.#.#
# ###.##.##...............#.#
# #..###...##############.#
##.........l@O.....# #.# #
#.......########..# #.# ##
##.......# #..# #.#
.#######...##.##### #..## #.#
(....≈≈..≈....≈...# #...###.#
.####...≈..≈≈.....# #.......#
## #(.≈≈≈≈≈≈)≈≈..# #...#####
# #..≈≈≈≈≈≈≈≈≈≈.###...# #
#≈≈≈≈≈≈≈≈≈≈≈..#.....#


You could see an ogre and an iguana.

Vanquished Creatures
  A hound (D:4)
  Ijyb (D:3)
  A worker ant (D:4)
  A gnoll (D:1)
  6 adders
  An ooze (D:3)
  2 worms (D:3)
  A dart slug (D:3)
  An orc (D:3)
  4 bats
  A giant cockroach (D:2)
  12 goblins
  10 hobgoblins
  8 jackals (D:2)
  8 kobolds
  3 quokkas
  2 ball pythons
  2 frilled lizards (D:1)
  7 rats
  A bush (D:3)
73 creatures vanquished.

Vanquished Creatures (others)
  A plant (D:3)
1 creature vanquished.

Grand Total: 74 creatures vanquished

Notes
Turn   | Place    | Note
-------+----------+-------------------------------------------
     0 | Abyss:1  | Lickle the Gargoyle Abyssal Knight began the quest for the
                  | Orb.
     0 | Abyss:1  | Reached XP level 1. HP: 14/14 MP: 2/2
    44 | Abyss:1  | Noticed a chaos spawn
   123 | Abyss:1  | Noticed a jelly
   127 | Abyss:1  | Noticed a quasit
   133 | D:1      | Escaped the Abyss
   316 | D:1      | Gained mutation: Your body sometimes deteriorates upon
                  | taking damage. [potion of mutation]
   316 | D:1      | Gained mutation: You are resistant to hostile enchantments.
                  | (MR+) [potion of mutation]
   316 | D:1      | Gained mutation: You are partially covered in large bone
                  | plates. (SH +4) [potion of mutation]
   421 | D:1      | Reached * piety under Lugonu
   421 | D:1      | Reached skill level 1 in Dodging
   421 | D:1      | Reached XP level 2. HP: 19/19 MP: 3/3
   516 | D:1      | Reached skill level 1 in Stealth
   569 | D:1      | You fall through a shaft!
   970 | D:2      | Reached XP level 3. HP: 23/23 MP: 4/4
  1259 | D:2      | Reached XP level 4. HP: 27/29 MP: 5/5
  1707 | D:3      | Found a faded altar of an unknown god.
  1722 | D:3      | Reached ** piety under Lugonu
  1831 | D:3      | Reached XP level 5. HP: 31/33 MP: 6/6
  1895 | D:3      | Reached skill level 4 in Fighting
  2378 | D:3      | Found an iron altar of Okawaru.
  2523 | D:3      | Noticed Ijyb
  2534 | D:3      | Paralysed by Ijyb for 7 turns
  2552 | D:3      | Killed Ijyb
  3070 | D:4      | Noticed an ogre
  3077 | D:4      | Reached XP level 6. HP: 10/38 MP: 7/7
  3089 | D:3      | Mangled by an ogre

Skill      XL: |  1  2  3  4  5 |
---------------+----------------+-----
Dodging        | 1 |  1.9
Stealth        | 1 2 |  2.8
Armour         | 3 |  3.4
Fighting       | 4 |  4.3
Maces & Flails | 3 |  3.1
Invocations    | |  2.3

Action                   |  1- 3 |  4- 6 || total
-------------------------+-------+-------++-------
Melee: Mace              |    98 |   292 ||   390
Invok: Depart the Abyss  |     1 |       ||     1
       Bend Space        |       |     1 ||     1
  Use: Potion            |     3 |     2 ||     5
       Scroll            |     2 |     4 ||     6
 Stab: Sleeping          |     1 |     2 ||     3
  Eat: Chunk             |     1 |     5 ||     6
       Ration            |       |     1 ||     1
Armor: Leather armour    |    13 |       ||    13
       Acid dragon scale |    30 |    90 ||   120
Dodge: Dodged            |    59 |    90 ||   149
Block: Other             |    19 |    34 ||    53
